 Dungeon Crawl Stone Soup version 0.26-a0-490-gf8362a0c98 (webtiles) character file.

Game seed: 13490416161491812425

180 ANON1729 the Skirmisher (level 5, -10/44 HPs)
             Began as a Palentonga Delver on Aug 4, 2020.
             Was a Believer of Lugonu.
             Killed by nerve-wracking pain
             ... invoked by Grinder
              (14 damage)
             ... on level 4 of the Dungeon.
             The game lasted 00:04:14 (2617 turns).

ANON1729 the Skirmisher (Palentonga Delver)         Turns: 2617, Time: 00:04:15

Health: -10/44     AC:  4    Str: 17    XL:     5   Next: 33%
Magic:  5/5        EV: 10    Int: 10    God:    Lugonu [**....]
Gold:   114        SH:  0    Dex: 11    Spells: 4/4 levels left

rFire    . . .     SeeInvis +   a - +0 falchion
rCold    . . .     Faith    .   (no shield)
rNeg     . . .     Spirit   .   b - +0 leather armour
rPois    .         Reflect  .   (no helmet)
rElec    .         Harm     .   (no cloak)
rCorr    .                      (no gloves)
MR       .....                  (boots restricted)
Stlth    ++........             (no amulet)
HPRegen  0.14/turn              (no ring)
MPRegen  0.09/turn              (no ring)

@: no status effects
A: large, rugged brown scales 3, see invisible, deformed body, roll, armoured
tail
a: Rolling Charge, Depart the Abyss, Bend Space, Renounce Religion


You were on level 4 of the Dungeon.
You worshipped Lugonu.
Lugonu was pleased with you.
You visited 1 branch of the dungeon, and saw 5 of its levels.

You collected 114 gold pieces.

Inventory:

Hand Weapons
 a - a +0 falchion (weapon)
Armour
 b - a +0 leather armour (worn)
 h - a +0 crystal plate armour
 m - a +0 cloak
Jewellery
 o - an uncursed amulet of the acrobat {unknown}
Wands
 g - a wand of digging (3)
Scrolls
 c - a scroll of fog
 d - a scroll of magic mapping
 e - a scroll of fear
 j - 2 scrolls of blinking {unknown}
 k - 4 scrolls of teleportation {unknown}
 l - a scroll of identify {unknown}
 n - a scroll of enchant weapon {unknown}
 q - a scroll of amnesia {unknown}
 r - a scroll of immolation {unknown}
Potions
 f - a potion of haste
 i - 3 potions of curing {unknown}
 p - 2 potions of stabbing {unknown}
 s - a potion of lignification {unknown}


   Skills:
 + Level 4.0 Fighting
 + Level 3.2 Long Blades
 + Level 2.6 Dodging
 + Level 3.9 Stealth


You had 4 spell levels left.
You didn't know any spells.
Your spell library was empty.

Dungeon Overview and Level Annotations

Branches:
Dungeon (6/15)
 Temple: D:4-7

Altars:
Lugonu

Shops:
D:4 :

Annotations:
D:4 Grinder


Innate Abilities, Weirdness & Mutations

You are completely covered in rugged brown scales. (AC +3, +7% HP)
You have supernaturally acute eyesight. (SInv)
Armour fits poorly on your strangely shaped body.
You can roll at foes to attack.
You have a long armoured tail.


Message History

Grinder barely misses you.
Grinder says, "I used to sell toenails on the black market."
Grinder gestures at you. You resist with significant effort.
Grinder gestures at you. Pain shoots through your body!
* * * LOW HITPOINT WARNING * * *
You can move again.
Unknown command.
A giant cockroach comes into view.
Grinder gestures at you. Pain shoots through your body!
* * * LOW HITPOINT WARNING * * *
Grinder says, "FISH!"
Grinder gestures at you.
You suddenly lose the ability to move!
You can move again.
Grinder gestures at you. Pain shoots through your body!
You die...

.. #...##...#...#
....... ###.##........
....... #.......#...#
....... #........(..#
.......###...........#
)....>.....∩$........
.....##......####...
..##.....5..!.......
#.##.<@......##.....
#.##...............
#.##.........#.##..
#.##.........#)# .
##.##....##.### #
##..##....##s#
####..###.......#
#............##...
#........#..## ....


You could see Grinder and a giant cockroach (wandering).

Vanquished Creatures
  A centaur skeleton (D:4)
  An orc priest (D:3)
  A worker ant (D:4)
  4 adders
  2 oozes
  2 worms
  A leopard gecko (D:3)
  2 orcs (D:3)
  A giant cockroach (D:4)
  5 goblins
  5 hobgoblins (D:3)
  4 jackals (D:2)
  3 quokkas
  2 bats (D:2)
  4 frilled lizards
  A giant cockroach zombie (D:5)
  3 kobolds
  6 rats
48 creatures vanquished.

Notes
Turn   | Place    | Note
-------+----------+-------------------------------------------
     0 | D:5      | ANON1729 the Palentonga Delver began the quest for the Orb.
     0 | D:5      | Reached XP level 1. HP: 19/19 MP: 1/1
    73 | D:5      | Noticed a phantom
    85 | D:6      | Noticed a jelly
   192 | D:5      | Noticed an ogre
   229 | D:4      | Reached XP level 2. HP: 5/25 MP: 2/2
   229 | D:4      | Reached XP level 3. HP: 6/31 MP: 3/3
   485 | D:4      | Found Qaafaug's Book Shop.
   489 | D:4      | Noticed Grinder
   490 | D:4      | Paralysed by Grinder for 6 turns
   916 | D:3      | Reached XP level 4. HP: 10/38 MP: 4/4
  1452 | D:3      | Found a faded altar of an unknown god.
  1792 | D:3      | Became a worshipper of Lugonu the Unformed
  1792 | D:3      | Reached * piety under Lugonu
  1792 | D:3      | Reached ** piety under Lugonu
  1949 | D:2      | Reached XP level 5. HP: 19/44 MP: 5/5
  2520 | D:4      | Reached skill level 4 in Fighting
  2605 | D:4      | Paralysed by Grinder for 7 turns
  2615 | D:4      | Paralysed by Grinder for 2 turns
  2617 | D:4      | Killed from afar by Grinder

Illustrated notes

Levels and vault maps discovered:
D:2:      layout_basic
D:3:      layout_basic, chequers_ecumenical_altar_island
D:4:      layout_rooms, kennysheep_okawaru_gauntlet, serial_shops, shop,
          uniq_grinder
D:5:      layout_loops_ring, ebering_ghost_reflecting_pool, uniq_menkaure
D:6:      layout_cave_pods, chequers_serial_rivers_large_b,
          chequers_serial_rivers_small_b, uniq_maggie

Skill      XL: |  1  2  3  4  5 |
---------------+----------------+-----
Dodging        | 2 |  2.6
Long Blades    | 3 |  3.2
Fighting       | 4 |  4.0
Stealth        | |  3.9

Action                   |  1- 3 |  4- 6 || total
-------------------------+-------+-------++-------
Melee: Falchion          |    42 |   105 ||   147
       Tailslap          |     3 |    18 ||    21
 Stab: Sleeping          |     1 |     4 ||     5
Armor: Leather armour    |    12 |    30 ||    42
Dodge: Dodged            |    19 |    64 ||    83
       Rpst.: Falchion   |     7 |    24 ||    31

Table legend: (Time is in decaauts)
 A = Elapsed time spent in this place.
 B = Non-inter-level travel time spent in this place.
 C = Inter-level travel time spent in this place.
 D = Time resting spent in this place.
 E = Time spent auto-exploring this place.
 F = Levels seen in this place.
 G = Mean time per level.
                   A        B        C        D        E       F      G
               +--------+--------+--------+--------+--------+-----+--------+
         Total |   2648 |   2551 |     97 |    944 |   1165 |   5 |  529.6 |
       Dungeon |   2648 |   2551 |     97 |    944 |   1165 |   5 |  529.6 |
               +--------+--------+--------+--------+--------+-----+--------+

Top non-repeatable levels by time:
     D:3: 1361 daAuts
     D:2: 679 daAuts
     D:4: 385 daAuts
     D:5: 219 daAuts
     D:6: 3 daAuts
